 Dungeon Crawl Stone Soup version 0.22-a0-305-gd21a89c (webtiles) character file.

16 Borgoz the Skirmisher (level 2, 0/26 HPs)
             Began as a Ghoul Abyssal Knight on Mar 31, 2018.
             Was a Follower of Lugonu.
             Slain by a gnoll
             ... wielding a +0 whip
              (8 damage)
             ... on level 2 of the Dungeon.
             The game lasted 00:00:58 (1214 turns).

Borgoz the Skirmisher (Ghoul Abyssal Knight)        Turns: 1214, Time: 00:00:58

Health: 0/26       AC:  3    Str: 15    XL:     2   Next: 54%
Magic:  2/2        EV: 11    Int:  7    God:    Lugonu [*.....]
Gold:   33         SH:  0    Dex:  8    Spells: 1/1 levels left

rFire    . . .     SeeInvis .     - Unarmed
rCold    + . .     Gourm    .   (no shield)
rNeg     + + +     Faith    .   a - +0 leather armour
rPois    ∞         Spirit   .   (no helmet)
rElec    .         Reflect  .   (no cloak)
rCorr    .         Harm     .   (no gloves)
MR       .....                  (no boots)
Stlth    +.........             (no amulet)
HPRegen  0.00/turn              (no ring)
MPRegen  0.08/turn              (no ring)

@: rotting
A: rotting body, claws 1, carnivore, cold resistance 1, negative energy
resistance 3, inhibited regeneration, torment resistance, unbreathing
a: Depart the Abyss, Renounce Religion


You were on level 2 of the Dungeon.
You worshipped Lugonu.
Lugonu was aware of your devotion.
You were not hungry.

You visited 1 branch of the dungeon, and saw 2 of its levels.
You visited the Abyss 1 time.

You collected 33 gold pieces.

Inventory:

Armour
 a - a +0 leather armour (worn)
Jewellery
 d - an uncursed amulet of the acrobat {unknown}
 j - an uncursed ring of wizardry {unknown}
Scrolls
 c - a scroll of teleportation {unknown}
 f - a scroll of fog {unknown}
 i - a scroll of identify {unknown}
Potions
 e - a potion of lignification {unknown}
 g - a potion of curing {unknown}
 h - a potion of cancellation {unknown}
Comestibles
 b - 2 rations
 k - 2 chunks of flesh


   Skills:
 + Level 3.4 Fighting
 + Level 2.0 Armour
 + Level 1.2 Dodging
 + Level 2.4 Unarmed Combat
 + Level 2.2 Invocations


You had one spell level left.
You didn't know any spells.

Dungeon Overview and Level Annotations

Branches:
Dungeon (2/15)

Altars:


Innate Abilities, Weirdness & Mutations

Your body is rotting away.
You thrive on raw meat.
You are immune to poison.
You have sharp fingernails.
You are carnivorous and can eat meat at any time.
Your flesh is cold resistant. (rC+)
You are immune to negative energy. (rN+++)
You do not regenerate when monsters are visible.
You are immune to unholy pain and torment.
You can survive without breathing.


Message History

You scratch the gnoll but do no damage. You scratch the gnoll.
The gnoll is moderately wounded.
The gnoll closely misses you.
You scratch the gnoll but do no damage.
The gnoll is moderately wounded.
The gnoll barely misses you.
You closely miss the gnoll.
The gnoll is moderately wounded.
The gnoll hits you with a whip!
You are too injured to fight recklessly!
You are too injured to fight recklessly!
You are too injured to fight recklessly!
You scratch the gnoll but do no damage.
The gnoll is moderately wounded.
The gnoll hits you with a whip.
You scratch the gnoll.
The gnoll is almost dead.
The gnoll hits you with a whip!
You die...

.. ### #.# ##.##.. #.#
...#.# #.# #..#g# #.#
#..#g# #. #.# #..#@# #.
#.# #..#.####. #>#
#......##. #<#
######.##.#.##.# #.#
##......##.#.##.###.#
##...######.#.##.....#
#.###.# #.#.##..#### #.#
#.# ##....#..#
.#.###.###.####........#


You could see 2 gnolls.

Vanquished Creatures
  A goblin (D:1)
  6 hobgoblins
  3 bats (D:1)
  4 kobolds (D:1)
  A rat (D:1)
15 creatures vanquished.

Notes
Turn   | Place    | Note
-------+----------+-------------------------------------------
     0 | Abyss:1  | Borgoz the Ghoul Abyssal Knight began the quest for the Orb.
     0 | Abyss:1  | Reached XP level 1. HP: 19/19 MP: 1/1
    39 | Abyss:1  | Noticed a large abomination
    40 | D:1      | Escaped the Abyss
   129 | D:1      | Reached skill level 1 in Dodging
   323 | D:1      | Reached XP level 2. HP: 18/26 MP: 2/2
   711 | D:1      | Reached * piety under Lugonu
  1214 | D:2      | Slain by a gnoll

Vault maps used:
D:1:      wheals_arrival_shading, serial_glass, glass_columns_a,
          glass_columns_a, glass_columns_c
D:2:      grunt_temple_overflow_order_and_chaos_2
Abyss:1:  due_exit_kobolds

Skill      XL: |  1  2 |
---------------+-------+-----
Dodging        | 1 |  1.2
Armour         | 2 |  2.0
Fighting       | |  3.4
Unarmed Combat | |  2.4
Invocations    | |  2.2

Action                   || total
-------------------------++-------
Melee: Unarmed           ||    71
Invok: Depart the Abyss  ||     1
  Eat: Chunk             ||     2
Armor: Leather armour    ||    11
Dodge: Dodged            ||    47

Table legend:
 A = Spawn XP
 B = Non-spawn XP
 C = Spawn XP percentage of total XP
 D = Spawn monster count
 E = Non-spawn monster count
 F = Spawn count percentage of total count
 G = Total turns spent on level
                    A         B        C        D         E        F      G
               +---------+---------+-------+---------+---------+-------+---------
         Total |       0 |      23 |   0.0 |       0 |      15 |   0.0 |  1214
               +---------+---------+-------+---------+---------+-------+---------
           D:1 |       0 |      19 |   0.0 |       0 |      13 |   0.0 |  1105
           D:2 |       0 |       4 |   0.0 |       0 |       2 |   0.0 |    69
               +---------+---------+-------+---------+---------+-------+---------
